 Dungeon Sprint DCSS version 0.26-a0-651-gb41185065b (webtiles) character file.

Game seed: 6986799520758040026

960 mhtbhm the Protected (level 7, 0/73 HPs)
             Began as a Minotaur Fighter on Sept 28, 2020.
             Was a Priest of Okawaru.
             Slain by an efreet
             ... wielding a +0 scimitar of flaming
              (3 damage)
             ... in the Dungeon (Sprint IX: "|||||||||||||||||||||||||||||").
             The game lasted 00:01:17 (334 turns).

mhtbhm the Protected (Minotaur Fighter)              Turns: 334, Time: 00:01:17

Health: 0/73       AC: 17    Str: 23    XL:     7   Next: 92%
Magic:  6/6        EV:  7    Int:  5    God:    Okawaru [***...]
Gold:   0          SH: 12    Dex: 12    Spells: 6/6 levels left

rFire    . . .     SeeInvis .   a - +2 scimitar (flame)
rCold    . . .     Faith    .   c - +0 kite shield
rNeg     . . .     Spirit   .   b - +0 plate armour
rPois    .         Reflect  .   (helmet restricted)
rElec    .         Harm     .   (no cloak)
rCorr    .         Rampage  .   (no gloves)
MR       .....     NoTele   +   (no boots)
Stlth    ..........             (no amulet)
HPRegen  0.22/turn              p - +2 ring of protection
MPRegen  0.10/turn              o - +3 ring of dexterity

@: very slightly contaminated, invisible
A: retaliatory headbutt, horns 2
a: Heroism, Renounce Religion


You were in the Dungeon.
You worshipped Okawaru.
Okawaru was most pleased with you.
You visited 1 branch

Inventory:

Hand Weapons
 a - a +2 scimitar of flaming (weapon)
Armour
 b - a +0 plate armour (worn)
 c - a +0 kite shield (worn)
Jewellery
 o - a +3 ring of dexterity (right hand)
 p - a +2 ring of protection (left hand)
Wands
 n - a wand of iceblast (10)
Scrolls
 j - 2 scrolls of blinking
 l - 3 scrolls of remove curse
 m - 2 scrolls of amnesia
Potions
 d - a potion of might
 f - 2 potions of heal wounds
 g - a potion of haste
 h - 4 potions of magic
 k - 3 potions of curing


   Skills:
 + Level 10.8 Fighting
 + Level 10.0 Long Blades
 + Level 11.4 Armour
 + Level 2.4 Dodging
 + Level 0.1 Stealth
 + Level 10.6 Shields


You had 6 spell levels left.
You didn't know any spells.
Your spell library was empty.

Dungeon Overview and Level Annotations

Branches:
Dungeon (1/1)

Altars:
Cheibriados
Dithmenos
Elyvilon
Fedhas
Gozag
Hepliaklqana
Kikubaaqudgha
Makhleb
Nemelex Xobeh
Okawaru
Qazlal
Ru
Sif Muna
Trog
Uskayaw
Vehumet
Wu Jian
Xom
Yredelemnul
Zin
The Shining One
Beogh
Jiyva
Lugonu


Innate Abilities, Weirdness & Mutations

You reflexively headbutt those who attack you in melee.
You have a pair of horns on your head.


Message History

You slash the troll! You burn the troll.
The troll is heavily wounded.
You block the troll's attack. The troll claws you but does no damage.
The troll barely misses you.
You slice the troll!! You burn the troll.
You kill the troll!
Okawaru is honoured by your kill.
The troll leather armour is intact enough to wear.
Your Long Blades skill increases to level 10!
You feel much better. You block the adder skeleton's attack.
The efreet gestures at the adder skeleton.
The bolt of fire hits the adder skeleton!!
The adder skeleton is destroyed!
The bolt of fire hits you!!!
* * * LOW HITPOINT WARNING * * *
You recover from your berserk rage.
The efreet hits you with a +0 scimitar of flaming.
* * * LOW HITPOINT WARNING * * *
The efreet burns you.
You die... ▓▓▓▓▓▓▓▓▓▓▓▓▓▓▓▓▓▓▓▓▓▓▓▓▓▓ z☼....z○R@.†))(..[[.)..'__ ▓▓▓▓▓▓▓▓▓▓▓▓▓▓▓▓▓▓▓▓▓▓▓▓▓▓

You could see an efreet and a wight.

Vanquished Creatures
  A troll (D)
  A hornet (D)
  A hippogriff (D)
  A wyvern (D)
  A centaur (D)
  2 wights (D)
  A howler monkey (D)
  A worker ant (D)
  A shadow imp (D)
  An adder zombie (D)
  2 bat skeletons (D)
  2 goblins (D)
  A ball python skeleton (D)
  2 kobolds (D)
  A rat (D)
19 creatures vanquished.

Vanquished Creatures (others)
  An adder skeleton (D)
1 creature vanquished.

Grand Total: 20 creatures vanquished

Notes
Turn   | Place    | Note
-------+----------+-------------------------------------------
     0 | D        | mhtbhm the Minotaur Fighter began the quest for the Orb.
     0 | D        | Reached XP level 1. HP: 19/19 MP: 0/0
     8 | D        | Reached skill level 4 in Armour
    67 | D        | Noticed a worker ant
    79 | D        | Killed a worker ant
    79 | D        | Reached skill level 5 in Fighting
    79 | D        | Reached skill level 5 in Armour
    79 | D        | Reached skill level 5 in Shields
    79 | D        | Reached XP level 2. HP: 16/29 MP: 1/1
    79 | D        | Reached XP level 3. HP: 20/36 MP: 2/2
    90 | D        | Found a roughly hewn altar of Beogh.
    90 | D        | Found a snail-covered altar of Cheibriados.
    90 | D        | Found a shadowy altar of Dithmenos.
    90 | D        | Found a white marble altar of Elyvilon.
    90 | D        | Found a blossoming altar of Fedhas.
    90 | D        | Found an opulent altar of Gozag.
    91 | D        | Found a hazy altar of Hepliaklqana.
    92 | D        | Found a viscous altar of Jiyva.
    93 | D        | Found an ancient bone altar of Kikubaaqudgha.
    94 | D        | Found a corrupted altar of Lugonu.
    95 | D        | Found a burning altar of Makhleb.
    96 | D        | Found a sparkling altar of Nemelex Xobeh.
    97 | D        | Found an iron altar of Okawaru.
    98 | D        | Found a stormy altar of Qazlal.
    99 | D        | Found a sacrificial altar of Ru.
   100 | D        | Found a shimmering blue altar of Sif Muna.
   101 | D        | Found a bloodstained altar of Trog.
   102 | D        | Found a hide-covered altar of Uskayaw.
   103 | D        | Found a radiant altar of Vehumet.
   104 | D        | Found an ornate altar of the Wu Jian Council.
   105 | D        | Became a worshipper of Warmaster Okawaru
   106 | D        | Found a shimmering altar of Xom.
   107 | D        | Found a basalt altar of Yredelemnul.
   108 | D        | Found a glowing silver altar of Zin.
   109 | D        | Found a glowing golden altar of the Shining One.
   288 | D        | Noticed a wyvern
   288 | D        | Noticed a centaur
   288 | D        | Noticed a hippogriff
   288 | D        | Noticed a hornet
   289 | D        | Paralysed by a hornet for 3 turns
   300 | D        | Killed a hornet
   300 | D        | Reached * piety under Okawaru
   300 | D        | Reached ** piety under Okawaru
   300 | D        | Reached skill level 8 in Armour
   300 | D        | Reached skill level 1 in Dodging
   300 | D        | Reached XP level 4. HP: 37/48 MP: 3/3
   300 | D        | Reached XP level 5. HP: 40/53 MP: 4/4
   302 | D        | Reached XP level 6. HP: 46/62 MP: 5/5
   304 | D        | Killed a hippogriff
   304 | D        | Reached skill level 10 in Armour
   307 | D        | Reached XP level 7. HP: 34/71 MP: 6/6
   309 | D        | Reached skill level 10 in Fighting
   315 | D        | Killed a wyvern
   315 | D        | Reached *** piety under Okawaru
   321 | D        | Noticed an efreet
   321 | D        | Noticed a troll
   330 | D        | Reached skill level 11 in Armour
   330 | D        | Reached skill level 10 in Shields
   332 | D        | Killed a troll
   332 | D        | Reached skill level 10 in Long Blades
   334 | D        | HP: 3/73 [efreet/+0 scimitar of flaming (5)]
   334 | D        | Slain by an efreet

Illustrated notes

Levels and vault maps discovered:
D:        linesprint [early_d, line_temple, items_1, d_10, items_2, lair_1,
          lair_end, items_3, orc_1, orc_end, items_4, d_15, swamp_1, shoals_1,
          snake_1, spider_1, d_20, vaults_1, items_5, swamp_end, shoals_end,
          snake_end, spider_end, vaults_end, d_27, items_6, zot_1, zot_end,
          crypt_end, forest_end, elf_end, slime_end, tomb_end, abyss_end,
          pan_hell_end]

Skill      XL: |  1  2  3  4  5  6  7 |
---------------+----------------------+-----
Fighting       | 5 8 9 10 | 10.8
Armour         | 5 8 10 11 | 11.4
Shields        | 5 7 8 9 10 | 10.6
Long Blades    | 3 6 8 10 | 10.0
Dodging        | 1 2 |  2.4
Stealth        | |  0.1

Action                   |  1- 3 |  4- 6 |  7- 9 || total
-------------------------+-------+-------+-------++-------
Melee: Long sword        |    30 |       |       ||    30
       Headbutt          |     3 |     3 |     4 ||    10
       Scimitar          |     8 |     6 |    14 ||    28
  Use: Potion            |     3 |       |     2 ||     5
 Stab: Invisible         |       |       |     1 ||     1
Armor: Scale mail        |    12 |       |       ||    12
       Plate armour      |     4 |     3 |    11 ||    18
Dodge: Dodged            |     8 |     2 |     6 ||    16
Block: Kite shield       |    23 |     6 |    17 ||    46
       Rpst.: Long sword |     1 |       |       ||     1
       Scimitar          |       |       |     1 ||     1

Table legend: (Time is in decaauts)
 A = Elapsed time spent in this place.
 B = Non-inter-level travel time spent in this place.
 C = Inter-level travel time spent in this place.
 D = Time resting spent in this place.
 E = Time spent auto-exploring this place.
 F = Levels seen in this place.
 G = Mean time per level.
                   A        B        C        D        E       F      G
               +--------+--------+--------+--------+--------+-----+--------+
         Total |    354 |    354 |      0 |    166 |      3 |   1 |  354.0 |
       Dungeon |    354 |    354 |      0 |    166 |      3 |   1 |  354.0 |
               +--------+--------+--------+--------+--------+-----+--------+

Top non-repeatable levels by time:
       D: 354 daAuts
